 Dungeon Crawl Stone Soup version 0.29-a0-563-g64e4043184 (webtiles) character file.

Game seed: 493822571263735313

26551 dolemite99 the Severer (level 13, 0/116 HPs)
             Began as a Hill Orc Fighter on June 11, 2022.
             Was a Priest of Fedhas.
             Slain by an anaconda simulacrum (27 damage)
             ... on level 1 of the Lair of Beasts.
             The game lasted 00:26:01 (24024 turns).

dolemite99 the Severer (Hill Orc Fighter)          Turns: 24024, Time: 00:26:01

Health: 0/116      AC: 22    Str: 30    XL:     13   Next: 26%
Magic:  20/20      EV:  5    Int:  8    God:    Fedhas [***...]
Gold:   1634       SH:  0    Dex: 10    Spells: 12/12 levels left

rFire   . . .      SeeInvis .   a - +0 battleaxe
rCold   . . .      Faith    .   (shield currently unavailable)
rNeg    . . .      Spirit   .   e - +0 plate armour
rPois   .          Reflect  .   v - +2 hat {Will+}
rElec   .          Harm     .   E - +0 cloak
rCorr   .          Rampage  .   z - +2 pair of gloves
Will    ++...                   (no boots)
Stlth   ..........              (no amulet)
HPRegen 0.29/turn               c - +6 ring of strength {=R}
MPRegen 0.17/turn               r - ring of willpower

@: frozen, constricted, very slow
A: no striking features
a: Renounce Religion, Wall of Briars, Grow Ballistomycete


You were on level 1 of the Lair of Beasts.
You worshipped Fedhas.
Fedhas was most pleased with you.
You visited 2 branches of the dungeon, and saw 13 of its levels.

You collected 1634 gold pieces.

Inventory:

Hand Weapons
 a - a +0 battleaxe (weapon)
 p - a +0 morningstar
 t - a +0 morningstar
 C - a +1 hand axe of electrocution
 J - a +0 hunting sling
 K - a +0 war axe
 L - a +3 war axe of chaos
Missiles
 g - 3 poisoned darts (quivered)
 i - 2 throwing nets
 G - 3 javelins
Armour
 e - a +0 plate armour (worn)
 k - a +0 chain mail
 v - a +2 hat of willpower (worn)
 y - a +1 helmet
 z - a +2 pair of gloves (worn)
 A - a +0 buckler
 E - a +0 cloak (worn)
 H - +0 swamp dragon scales
Magical Staves
 s - a staff of cold
Jewellery
 c - a +6 ring of strength (left hand) {=R}
 o - a ring of protection from fire
 r - a ring of willpower (right hand)
 x - a ring of resist corrosion
Wands
 d - a wand of flame (3)
 D - a wand of polymorph (12)
 Q - a wand of digging (9)
Scrolls
 f - 5 scrolls of teleportation
 m - 3 scrolls of fog
 w - 3 scrolls of fear
 B - 2 scrolls of blinking
 I - a scroll of torment
 N - 2 scrolls of vulnerability
Potions
 b - a potion of degeneration
 h - 3 potions of resistance
 j - a potion of might
 l - 2 potions of attraction
 n - 7 potions of curing
 q - 3 potions of lignification
 u - 2 potions of cancellation
 F - 3 potions of mutation
 O - a potion of flight
 P - a potion of heal wounds


   Skills:
 + Level 11.0 Fighting
 - Level 19.7 Axes
 - Level 11.2 Armour
 - Level 5.5 Shields
 + Level 10.5 Invocations


You had 12 spell levels left.
You didn't know any spells.
Your spell library contained the following spells:

 Spells                   Type           Power      Damage    Failure   Level
 Magic Dart               Conj           0%         1d3       96%         1
 Call Imp                 Summ           0%         N/A       99%         2
 Ensorcelled Hibernation  Hex/Ice        0%         N/A       99%         2
 Passwall                 Tmut/Erth      0%         N/A       99%         2
 Gell's Gravitas          Tloc           0%         N/A       100%        3
 Ignite Poison            Fire/Tmut/Pois 0%         N/A       100%        3
 Mephitic Cloud           Conj/Pois/Air  0%         N/A       100%        3
 Swiftness                Air            0%         N/A       100%        3
 Teleport Other           Tloc           0%         N/A       100%        3
 Irradiate                Conj/Tmut      0%         3d13      100%        5
 Dispersal                Tloc           0%         N/A       100%        6


Dungeon Overview and Level Annotations

Branches:
Dungeon (10/15)            Temple (0/1) D:5            Lair (3/6) D:9
  Snake (0/4) Lair:2          Orc (0/2) D:9
  Swamp: Lair:2-4    Shoals: Lair:2-4

Altars:
Ashenzari
Elyvilon
Fedhas
Kikubaaqudgha
Qazlal
Ru
Uskayaw
Vehumet
Wu Jian
Yredelemnul
The Shining One

Shops:
D:6 *

Annotations:
D:3 Grinder
D:7 1 runed translucent door, Crazy Yiuf


Message History

The anaconda simulacrum melts!
The anaconda simulacrum is heavily damaged.
The anaconda simulacrum bites you but does no damage.
The anaconda simulacrum constricts you.
The anaconda simulacrum bites you but does no damage.
The anaconda simulacrum constricts you.
Aiming: Throw Flame
Press: ? - help, Shift-Dir - straight line, f/p - anaconda simulacrum
Aim: an anaconda simulacrum (heavily damaged, constricting you, 64% to hit)
The puff of flame hits the anaconda simulacrum.
The anaconda simulacrum melts!
The anaconda simulacrum is heavily damaged.
The anaconda simulacrum bites you but does no damage.
The anaconda simulacrum constricts you. The rime drake breathes ice at you.
The flash freeze hits you!!
* * * LOW HITPOINT WARNING * * *
You are encased in ice.
The anaconda simulacrum bites you but does no damage.
The anaconda simulacrum constricts you.
Aiming: Throw Flame
Press: ? - help, Shift-Dir - straight line, f/p - anaconda simulacrum
Aim: an anaconda simulacrum (heavily damaged, constricting you, 64% to hit)
The puff of flame hits the anaconda simulacrum!
The anaconda simulacrum melts!
The anaconda simulacrum is almost destroyed.
The anaconda simulacrum bites you but does no damage.
The anaconda simulacrum constricts you.
* * * LOW HITPOINT WARNING * * *
Aiming: Throw Flame
Press: ? - help, Shift-Dir - straight line, f/p - anaconda simulacrum
Aim: an anaconda simulacrum (almost destroyed, constricting you, 64% to hit)
The puff of flame hits the anaconda simulacrum.
The anaconda simulacrum melts!
The anaconda simulacrum is almost destroyed.
The anaconda simulacrum bites you.
* * * LOW HITPOINT WARNING * * *
The anaconda simulacrum freezes you!!
You die...
Fedhas appreciates your contribution to the ecosystem.

.................................
..###...........##....#####......
..####..........##.÷...# #....##
..#P##..........##.÷..## ##...###
......^.........##....# #....#
.............k..##....# ##...##
................##....## #...P#
.................#.....# #...###
.......^.......Z@......####......
.................................
.................................
........#.####....####...........
.........## ##...# ###...##....
........## ##...# #...###...
).......# #....# #....##>..
........## ##....# #...###...
.........####.#)..## #...###...


You could see a rime drake (catching breath) and an anaconda simulacrum.

Vanquished Creatures
  Gastronok (D:8)
  Harold (D:10)
  A hydra (Lair:1)
  A boulder beetle (Lair:2)
  A bog body (Lair:1)
  An orc knight (D:10)
  Maurice (D:8)
  A manticore (D:10)
  Joseph (D:8)
  5 cane toads
  2 black mambas
  Maggie (D:8)
  2 freezing wraiths (D:10)
  2 rime drakes
  5 komodo dragons
  2 ice devils (Lair:1)
  7 blink frogs (Lair:1)
  A slime creature (D:9)
  A shadow (D:10)
  A wraith (D:10)
  38 yaks
  2 wyverns
  2 basilisks
  3 vampire mosquitoes (D:10)
  2 steam dragons
  A harpy simulacrum (Lair:1)
  3 nagas (Lair:2)
  Duvessa (D:7)
  13 water moccasins
  3 sky beasts
  5 black bears
  An orc warrior (D:10)
  2 ice beasts
  4 wolves (Lair:3)
  A boggart (D:10)
  5 centaurs
  A phantom (D:5)
  A kobold brigand (D:5)
  Blork the orc (D:6)
  A necrophage (D:7)
  10 bullfrogs
  4 scorpions
  A gnoll sergeant (D:7)
  22 wights
  Dowan (D:7)
  10 killer bees
  An electric eel (D:7)
  2 howler monkeys (D:8)
  4 hounds
  4 orc priests
  A gnoll shaman (D:5)
  Jessica (D:3)
  12 orc wizards
  Ijyb (D:3)
  3 iguanas
  Robin (D:3)
  24 gnolls
  An adder (D:4)
  A worm (D:2)
  3 dart slugs
  59 orcs
  5 ball pythons
  4 endoplasms
  2 giant cockroaches
  21 goblins
  10 hobgoblins
  11 jackals (D:5)
  A quokka (D:3)
  7 bats
  2 frilled lizards
  8 kobolds
  5 rats
370 creatures vanquished.

Vanquished Creatures (collateral kills)
  A yak (Lair:2)
  An ice beast (D:6)
  A scorpion (D:6)
  2 killer bees (D:9)
  A hound (D:6)
  51 ballistomycete spores
57 creatures vanquished.

Vanquished Creatures (others)
  An orc wizard (D:10)
  27 fungi
  62 plants
90 creatures vanquished.

Grand Total: 517 creatures vanquished

Notes
Turn   | Place    | Note
-------+----------+-------------------------------------------
     0 | D:1      | dolemite99 the Hill Orc Fighter began the quest for the
                  | Orb.
     0 | D:1      | Reached XP level 1. HP: 19/19 MP: 1/1
    63 | D:1      | Reached skill level 3 in Axes
   228 | D:1      | Reached XP level 2. HP: 26/26 MP: 2/2
   251 | D:1      | Found a faded altar of an unknown god.
   376 | D:1      | Reached skill level 4 in Axes
   384 | D:1      | Prayed at the altar of an unknown god.
   384 | D:1      | Became a worshipper of Fedhas Madash
   384 | D:1      | Reached * piety under Fedhas
   685 | D:1      | Reached XP level 3. HP: 31/31 MP: 3/3
   983 | D:2      | Reached skill level 5 in Axes
  1107 | D:2      | Reached ** piety under Fedhas
  1410 | D:3      | Noticed Ijyb
  1417 | D:3      | Killed Ijyb
  1418 | D:3      | Reached skill level 6 in Axes
  1418 | D:3      | Reached XP level 4. HP: 19/39 MP: 4/4
  1734 | D:3      | Identified the +0 helmet "Custer" {Drain Will+ Dex+4}
  1734 | D:3      | Noticed Robin
  1734 | D:3      | Noticed Jessica
  1750 | D:3      | Killed Jessica
  1751 | D:3      | Reached XP level 5. HP: 37/45 MP: 5/5
  1761 | D:3      | Killed Robin
  1762 | D:3      | Reached skill level 7 in Axes
  2107 | D:3      | Noticed Grinder
  2302 | D:3      | Identified a scroll of acquirement
  2302 | D:3      | Acquired 631 gold pieces
  2320 | D:3      | Reached *** piety under Fedhas
  3295 | D:4      | Reached skill level 8 in Axes
  3295 | D:4      | Reached XP level 6. HP: 24/51 MP: 6/6
  3984 | D:4      | Reached skill level 9 in Axes
  4451 | D:4      | Reached XP level 7. HP: 57/57 MP: 7/7
  4634 | D:5      | Entered Level 5 of the Dungeon
  4637 | D:5      | Found a radiant altar of Vehumet.
  4653 | D:5      | Reached skill level 1 in Invocations
  4945 | D:5      | Reached skill level 5 in Invocations
  5082 | D:5      | Found a staircase to the Ecumenical Temple.
  5526 | D:5      | Reached XP level 8. HP: 64/64 MP: 12/12
  5819 | D:5      | Reached **** piety under Fedhas
  5897 | D:5      | Reached skill level 10 in Axes
  6963 | D:5      | Reached skill level 11 in Axes
  7250 | D:5      | Got the Tome of Transmutation
  7320 | D:6      | Reached ***** piety under Fedhas
  7400 | D:6      | Noticed Blork the orc
  7421 | D:6      | Killed Blork the orc
  7422 | D:6      | Reached XP level 9. HP: 38/70 MP: 15/15
  7967 | D:6      | Found Holaxig's General Store.
  8094 | D:6      | Reached skill level 12 in Axes
  8253 | D:6      | Found a sacrificial altar of Ru.
  8253 | D:6      | Found a hide-covered altar of Uskayaw.
  8399 | D:7      | Reached skill level 10 in Invocations
  8871 | D:7      | Found an ornate altar of the Wu Jian Council.
  8872 | D:7      | Found a glowing golden altar of the Shining One.
  8872 | D:7      | Found a basalt altar of Yredelemnul.
  8904 | D:7      | Found a runed translucent door.
  8905 | D:7      | Noticed Crazy Yiuf
  9208 | D:7      | Noticed a komodo dragon
  9220 | D:7      | Killed a komodo dragon
  9221 | D:7      | Reached skill level 5 in Fighting
  9664 | D:7      | Noticed Duvessa
  9665 | D:7      | Noticed Dowan
  9674 | D:7      | Killed Dowan
  9675 | D:7      | Reached XP level 10. HP: 70/90 MP: 13/17
  9687 | D:7      | Killed Duvessa
  9704 | D:7      | Found a white marble altar of Elyvilon.
 10380 | D:8      | Found a stormy altar of Qazlal.
 10531 | D:8      | Reached skill level 5 in Armour
 10828 | D:8      | Noticed Gastronok
 10850 | D:8      | Killed Gastronok
 11134 | D:8      | Noticed Maurice
 11134 | D:8      | Noticed Maggie
 11151 | D:8      | Killed Maggie
 11151 | D:8      | Killed Maurice
 11514 | D:8      | Noticed Joseph
 11529 | D:8      | Killed Joseph
 11713 | D:8      | Found an ancient bone altar of Kikubaaqudgha.
 12203 | D:8      | Reached skill level 5 in Shields
 12381 | D:9      | Reached XP level 11. HP: 91/97 MP: 15/18
 12544 | D:9      | Found a staircase to the Orcish Mines.
 13019 | D:9      | Found a blossoming altar of Fedhas.
 13415 | D:9      | Found a broken altar of Ashenzari.
 13893 | D:9      | Found a staircase to the Lair.
 14049 | D:10     | Entered Level 10 of the Dungeon
 14059 | D:10     | Reached skill level 10 in Armour
 14369 | D:10     | Noticed an orc knight
 14686 | D:10     | Noticed Harold
 14756 | D:10     | Killed an orc knight
 15455 | D:10     | Noticed a manticore
 15469 | D:10     | Killed a manticore
 15470 | D:10     | Reached skill level 13 in Axes
 15691 | D:10     | Killed Harold
 16164 | D:10     | Reached skill level 14 in Axes
 16338 | D:10     | Noticed a six-headed hydra
 16343 | D:10     | Noticed a cyclops
 16427 | Lair:1   | Entered Level 1 of the Lair of Beasts
 17028 | Lair:1   | Reached skill level 15 in Axes
 17039 | Lair:1   | Reached XP level 12. HP: 83/105 MP: 19/19
 17324 | Lair:1   | Reached skill level 16 in Axes
 17880 | Lair:1   | Noticed a four-headed hydra
 18513 | Lair:2   | Reached skill level 17 in Axes
 18789 | Lair:2   | Noticed a boulder beetle
 18802 | Lair:2   | Killed a boulder beetle
 19157 | Lair:2   | Found a staircase to the Snake Pit.
 19546 | Lair:2   | Reached skill level 18 in Axes
 21008 | Lair:3   | Reached skill level 19 in Axes
 21627 | Lair:3   | Reached XP level 13. HP: 99/111 MP: 20/20
 21771 | Lair:3   | Reached skill level 10 in Fighting
 23538 | Lair:1   | HP: 5/116 [rime drake/flash freeze (13)]
 24024 | Lair:1   | Slain by an anaconda simulacrum

Illustrated notes

Levels and vault maps discovered:
D:1:      wander_arrival_chamber, layout_rooms, basic_ecumenical_altar,
          hex_large, minmay_misc_feat_ornament
D:2:      layout_rooms
D:3:      layout_basic, item_on_display_a, uniq_grinder, uniq_robin,
          uniq_jessica, uniq_ijyb
D:4:      layout_loops_corners
D:5:      lemuel_castle_with_subvaults [lemuel_castle_interior_carwin_1],
          layout_loops_ring, mainiacjoe_overflow_paths,
          minmay_temple_entry_large_hall
D:6:      layout_loops_ring, gammafunk_temple_overflow_elements,
          kennysheep_windowed_goal, uniq_blork_the_orc
D:7:      layout_rooms, elyvilon_altar_1,
          chequers_temple_overflow_statue_of_worship, minmay_misc_feat_rows,
          fountainhead, uniq_duvessa, uniq_crazy_yiuf_cottage
D:8:      layout_basic, mainiacjoe_overflow_surrounded_room,
          mainiacjoe_overflow_small_starburst, uniq_maurice, uniq_maggie,
          uniq_joseph, uniq_gastronok
D:9:      layout_layer_cave, fedhas_altar_fruit_tree, evilmike_ruin_ashenzari,
          david_lair_shrubbed, orc_0_dummy, kennysheep_generic_room_12
D:10:     hangedman_cross_cluster, layout_basic,
          nicolae_sif_muna_little_library, lemuel_old_faithful, uniq_snorg,
          uniq_harold
Lair:1:   dreamdust_isle_of_ice, layout_small_grid, serial_bayou_shore_a
Lair:2:   layout_gridlike, guppyfry_snake_entry_garden,
          chequers_serial_rivers_small_a
Lair:3:   layout_regular_city, minmay_swamp_entry_swarm, beast_lair_carwin_8

Skill      XL: |  1  2  3  4  5  6  7  8  9 10 11 12 13 |
---------------+----------------------------------------+-----
Axes           | 3 4 6 8 9 11 12 15 19 | 19.7
Invocations    | 6 8 10 | 10.5
Fighting       | 8 9 11 | 11.0
Armour         | 8 10 11 | 11.2
Shields        | 5 |  5.5

Action                   |  1- 3 |  4- 6 |  7- 9 | 10-12 | 13-15 || total
-------------------------+-------+-------+-------+-------+-------++-------
Melee: War axe           |    93 |   154 |   399 |   493 |    41 ||  1180
       Battleaxe         |       |       |       |       |    26 ||    26
       Morningstar       |       |       |       |       |     6 ||     6
Throw: Javelin           |       |       |     4 |     8 |       ||    12
       Boomerang         |       |       |     3 |    29 |       ||    32
       Dart              |       |       |       |    52 |    20 ||    72
       Throwing net      |       |       |       |     1 |       ||     1
Invok: Grow Ballistomyce |       |       |     4 |    11 |     2 ||    17
       Wall of Briars    |       |       |     2 |    12 |     3 ||    17
Evoke: Wand              |       |       |       |       |    23 ||    23
  Use: Potion            |     1 |       |       |     3 |       ||     4
       Scroll            |       |    11 |     3 |    14 |     2 ||    30
 Stab: Invisible         |       |       |       |     2 |       ||     2
       Confused          |       |       |       |     1 |     1 ||     2
Armor: Scale mail        |    69 |    52 |       |       |       ||   121
       Chain mail        |       |    24 |   223 |    25 |       ||   272
       Swamp dragon scal |       |       |       |    79 |       ||    79
       Plate armour      |       |       |       |   170 |    71 ||   241
Dodge: Dodged            |    58 |    65 |   123 |   185 |    33 ||   464
Block: Buckler           |    30 |    28 |    60 |   110 |     6 ||   234

Table legend: (Time is in decaauts)
 A = Elapsed time spent in this place.
 B = Non-inter-level travel time spent in this place.
 C = Inter-level travel time spent in this place.
 D = Time resting spent in this place.
 E = Time spent auto-exploring this place.
 F = Levels seen in this place.
 G = Mean time per level.
                   A        B        C        D        E       F      G
               +--------+--------+--------+--------+--------+-----+--------+
         Total |  24031 |  23433 |    598 |  11572 |   7965 |  13 | 1848.5 |
       Dungeon |  17960 |  17481 |    479 |   8283 |   6331 |  10 | 1796.0 |
          Lair |   6071 |   5952 |    119 |   3288 |   1634 |   3 | 2023.7 |
               +--------+--------+--------+--------+--------+-----+--------+

Top non-repeatable levels by time:
     D:9: 4222 daAuts
     D:5: 2647 daAuts
  Lair:2: 2610 daAuts
  Lair:1: 2586 daAuts
     D:8: 2103 daAuts
     D:7: 1921 daAuts
     D:3: 1838 daAuts
     D:4: 1430 daAuts
    D:10: 1283 daAuts
     D:6: 1088 daAuts
  Lair:3: 874 daAuts
     D:1: 815 daAuts
     D:2: 609 daAuts
